 Dungeon Crawl Stone Soup version 0.28.0-43-g3370ac3207 (webtiles) character file.

Game seed: 10529448017444532756

44 pkoi the Insei (level 3, 0/31 HPs)
             Began as a Draconian Monk on Mar 1, 2022.
             Succumbed to an adder's poison
             ... on level 2 of the Dungeon.
             The game lasted 00:01:17 (1712 turns).

pkoi the Insei (Draconian Monk)                     Turns: 1712, Time: 00:01:17

Health: 0/31       AC:  5    Str: 13    XL:     3   Next: 39%
Magic:  3/3        EV: 12    Int: 12    God:
Gold:   21         SH:  0    Dex: 13    Spells: 2/2 levels left

rFire   . . .      SeeInvis .     - Unarmed
rCold   . . .      Faith    .   (no shield)
rNeg    . . .      Spirit   .   (armour unavailable)
rPois   .          Reflect  .   (helmet restricted)
rElec   .          Harm     .   (no cloak)
rCorr   .          Rampage  .   (no gloves)
Will    .....                   (no boots)
Stlth   ++........              (no amulet)
HPRegen 0.10/turn               (no ring)
MPRegen 0.08/turn               (no ring)

@: lethally poisoned (0 -> -1)
A: AC +5, unfitting armour, cold-blooded
a: no special abilities


You were on level 2 of the Dungeon.
You visited 1 branch of the dungeon, and saw 2 of its levels.

You collected 21 gold pieces.

Inventory:

Hand Weapons
 a - a +0 dagger
Scrolls
 b - a scroll of immolation {unknown}
 e - a scroll of holy word {unknown}
 f - 2 scrolls of vulnerability {unknown}
 h - 2 scrolls of identify
Potions
 c - a potion of curing {unknown}
 d - a potion of lignification {unknown}
 g - a potion of haste {unknown}


   Skills:
 - Level 3.2 Fighting
 - Level 2.6 Dodging
 - Level 1.7 Stealth
 + Level 4.5 Unarmed Combat


You had 2 spell levels left.
You didn't know any spells.
Your spell library contained the following spells:

 Spells                   Type           Power      Damage    Failure   Level
 Apportation              Tloc           0%         N/A       32%         1
 Alistair's Intoxication  Tmut/Pois      0%         N/A       100%        5


Dungeon Overview and Level Annotations

Branches:
Dungeon (2/15)

Altars:
Sif Muna


Innate Abilities, Weirdness & Mutations

Your plain brown scales are hard. (AC +5)
You cannot fit into any form of body armour.
You are cold-blooded and may be slowed by cold attacks.


Message History

The adder bites you.
* * * LOW HITPOINT WARNING * * *
You hit the adder but do no damage.
The adder is almost dead.
The adder bites you.
* * * LOW HITPOINT WARNING * * *
You barely miss the adder.
Your tail-slap misses the adder.
The adder is almost dead.
The adder bites you.
* * * LOW HITPOINT WARNING * * *
You are poisoned.
The adder poisons you!
You closely miss the adder.
The adder is almost dead.
* * * LOW HITPOINT WARNING * * *
You feel sick. The adder bites you.
* * * LOW HITPOINT WARNING * * *
The adder barely misses you.
You barely miss the adder.
The adder is almost dead.
* * * LOW HITPOINT WARNING * * *
You feel sick. The adder barely misses you.
You hit the adder.
You kill the adder!
* * * LOW HITPOINT WARNING * * *
You feel sick.
You punch the kobold!
You kill the kobold!
* * * LOW HITPOINT WARNING * * *
You feel sick. The bat completely misses you.
You hit the bat.
You kill the bat!
* * * LOW HITPOINT WARNING * * *
You feel sick. The bat closely misses you.
* * * LOW HITPOINT WARNING * * *
You feel sick. The bat hits you but does no damage.
The goblin barely misses you. The kobold hits you but does no damage.
Items here: ( ) ††.
You completely miss the goblin.
You die...

..######...........#
###....).# ..###
##..........##...###...##
###.###...........#......###.#
##...##..........##....... .#
#....†...........#........
.....###........##........
#.....####......#.........
##...## ####...##K.b.$....
##.#####.####..@gB.......
#.....>.# #####........
######### ###...... ##...# #.#
#


You could see a giant cockroach, a goblin, a bat and a kobold.

Vanquished Creatures
  An adder (D:2)
  3 dart slugs (D:1)
  4 bats
  3 endoplasms (D:1)
  2 giant cockroaches
  A goblin (D:1)
  A hobgoblin (D:1)
  2 kobolds
  A quokka (D:1)
  3 ball pythons
  2 frilled lizards (D:2)
  7 rats
30 creatures vanquished.

Notes
Turn   | Place    | Note
-------+----------+-------------------------------------------
     0 | D:1      | pkoi the Draconian Monk began the quest for the Orb.
     0 | D:1      | Reached XP level 1. HP: 19/19 MP: 1/1
   372 | D:1      | Reached XP level 2. HP: 26/26 MP: 2/2
   864 | D:1      | Reached skill level 4 in Unarmed Combat
  1355 | D:2      | Found a shimmering blue altar of Sif Muna.
  1405 | D:2      | Reached XP level 3. HP: 31/31 MP: 3/3
  1711 | D:2      | HP: 1/31 [poisoned by an adder]
  1712 | D:2      | Succumbed to an adder's poison

Illustrated notes

Levels and vault maps discovered:
D:1:      sevenhm_arrival_forest_fort_small_6, layout_loops_ring
D:2:      minmay_skewed_foursquare, layout_loops_cross,
          chequers_ecumenical_altar_island, basic_altar

Skill      XL: |  1  2 |
---------------+-------+-----
Unarmed Combat | 4 |  4.5
Fighting       | |  3.2
Dodging        | |  2.6
Stealth        | |  1.7

Action                   || total
-------------------------++-------
Melee: Unarmed           ||   105
       Tailslap          ||     7
  Use: Scroll            ||     1
 Stab: Sleeping          ||     2
Armor: Skin              ||    36
Dodge: Dodged            ||    60
